cohdb
Replays
Latest Replays
All Replays
Popular Replays
Top Player Replays
Match Explorer
How It Works
Community
CoH3 Stats
Reddit
Sign in to upload your games and track your stats! →
Sign in with Steam
Match 46556543
Unlisted
Match 46556543
Overview
Messages
Build Orders
End
Scout Squad
Construct Barracks
Riflemen Squad
Selects Heavy Weapons
Riflemen Squad
Construct Weapon Support Center
M1919 Machine Gun Team
Selects M2HB .50cal Heavy Machine Gun
M1919 Machine Gun Team
Construct Medical Station
Infantry Support Center
Construct Motor Pool
Selects Assault Carriers
Selects Exchangeable Parts
M1918 Browning Automatic Rifles
Grenade Package
M8 Greyhound Armored Car
M1 Anti-tank Gun Team
Riflemen Squad
Construct Tank Depot
M18 Hellcat Tank Destroyer
M4A1 Sherman Medium Tank
neko chan
alswn4553
Sad Pepe
gio_misro
0
0
Comments
sign in to comment!
No comments posted yet!